 Dungeon Crawl Stone Soup version 0.30-a0-509-gd016549fea (webtiles) character file.

Game seed: 4751339885262550802

96 IdlyInterested the Cutter (level 4, -3/35 HPs)
             Began as a Demonspawn Fighter on Dec 22, 2022.
             Slain by an orc
             ... wielding a +0 falchion
              (6 damage)
             ... on level 3 of the Dungeon.
             The game lasted 00:05:35 (1558 turns).

IdlyInterested the Cutter (Demonspawn Fighter)      Turns: 1558, Time: 00:05:36

Health: -3/35      AC: 15    Str: 17    XL:     4   Next: 41%
Magic:  4/4        EV:  7    Int:  9    God:
Gold:   70         SH:  4    Dex: 14    Spells: 3/3 levels left

rFire   . . .      SeeInvis .    a - +0 rapier
rCold   . . .      Faith    .    c - +0 buckler
rNeg    . . .      Spirit   .    n - +1 chain mail
rPois   .          Reflect  .    (no helmet)
rElec   .          Harm     .    d - +0 cloak
rCorr   .          Rampage  .    (no gloves)
Will    .....                    (no boots)
Stlth   ..........               f - amulet of regeneration
HPRegen 1.05/turn                p - +4 ring of protection
MPRegen 0.09/turn                (no ring)

@: no status effects
A: powered by death 1
a: no special abilities


You were on level 3 of the Dungeon.
You visited 1 branch of the dungeon, and saw 3 of its levels.

You collected 70 gold pieces.

Inventory:

Hand Weapons
 a - a +0 rapier (weapon)
 j - a +2 whip of pain
Missiles
 e - 26 stones (quivered)
Armour
 c - a +0 buckler (worn)
 d - a +0 cloak (worn)
 n - a +1 chain mail (worn)
Jewellery
 f - an amulet of regeneration (around neck)
 p - a +4 ring of protection (left hand)
Scrolls
 g - a scroll of enchant armour
 i - 2 scrolls of identify
 k - a scroll of noise {unknown}
 m - a scroll of silence
 o - a scroll of immolation
Potions
 h - a potion of haste


   Skills:
 - Level 3.0 Fighting
 + Level 3.3 Short Blades
 - Level 3.0 Armour
 * Level 2.1 Dodging
 - Level 2.6 Shields


You had 3 spell levels left.
You didn't know any spells.
Your spell library was empty.

Dungeon Overview and Level Annotations

Branches:
Dungeon (3/15)

Altars:
Xom

Annotations:
D:3 Jessica, Sigmund


Innate Abilities, Weirdness & Mutations

You regenerate a little health from kills.


Message History

Jessica the Apprentice Sorceress comes into view.
She is wielding a +2 spectral club.
You barely miss the orc.
Jessica shouts!
The orc hits you but does no damage.
Jessica mumbles some strange words.
Jessica blinks!
You hit the orc but do no damage. You barely miss the orc.
The orc hits you but does no damage.
You hit the orc.
The orc is moderately wounded.
The orc hits you but does no damage. The orc hits you with a +0 club.
You closely miss Jessica. The orc hits you but does no damage.
The orc closely misses you.
Jessica drinks a potion.
Jessica seems to grow stronger.
You barely miss Jessica. You block the orc's attack.
The orc hits you but does no damage.
Jessica hits you with a +2 spectral club.
You barely miss Jessica. The orc hits you but does no damage.
The orc hits you with a +0 club.
Jessica hits you with a +2 spectral club.
You hit Jessica but do no damage. The orc hits you with a +0 falchion.
The orc hits you but does no damage.
Jessica hits you with a +2 spectral club.
You hit Jessica but do no damage. The orc closely misses you.
The orc barely misses you.
Jessica hits you with a +2 spectral club.
You hit Jessica but do no damage. The orc barely misses you.
The orc hits you but does no damage. Jessica casts a spell at you.
Pain shoots through your body!
* * * LOW HITPOINT WARNING * * *
You closely miss Jessica. The orc closely misses you.
You block the orc's attack. Jessica barely misses you.
You hit Jessica.
Jessica is heavily wounded.
The orc hits you but does no damage. The orc barely misses you.
Jessica hits you with a +2 spectral club.
* * * LOW HITPOINT WARNING * * *
The orc hits you with a +0 falchion.
You die...

#.......
#......#
#......#
#......
#.....
#...#
##...#
#o@.#
#o#@#
... o#
..... .#
#.....
.#
#.....
.#
#.....
..
#.....
.#


You could see Jessica (strong) and 3 orcs.

Vanquished Creatures
  Crazy Yiuf (D:2)
  2 adders (D:2)
  A worm (D:2)
  A dart slug (D:2)
  6 ball pythons
  4 bats
  5 endoplasms
  4 giant cockroaches
  2 goblins (D:2)
  8 jackals (D:1)
  3 kobolds
  A quokka (D:1)
  A frilled lizard (D:1)
  3 rats
42 creatures vanquished.

Notes
Turn   | Place    | Note
-------+----------+-------------------------------------------
     0 | D:1      | IdlyInterested the Demonspawn Fighter began the quest for
                  | the Orb.
     0 | D:1      | Reached XP level 1. HP: 18/18 MP: 1/1
   185 | D:1      | Gained mutation: You regenerate a little health from kills.
                  | [demonic ancestry]
   185 | D:1      | Reached XP level 2. HP: 24/24 MP: 2/2
   229 | D:1      | Reached skill level 1 in Dodging
   809 | D:2      | Reached XP level 3. HP: 25/29 MP: 3/3
   825 | D:2      | Found a shimmering altar of Xom.
  1276 | D:2      | Reached XP level 4. HP: 35/35 MP: 4/4
  1320 | D:2      | Found a runed translucent door.
  1321 | D:2      | Noticed Crazy Yiuf
  1334 | D:2      | Killed Crazy Yiuf
  1462 | D:2      | Found a faded altar of an unknown god.
  1495 | D:3      | Noticed Sigmund
  1546 | D:3      | Noticed Jessica
  1558 | D:3      | Slain by an orc

Illustrated notes

Levels and vault maps discovered:
D:1:      dpeg_arrival_solitude, layout_basic
D:2:      layout_basic, ebering_ecumenical_altar_hall, basic_altar,
          uniq_crazy_yiuf_cottage
D:3:      minmay_spotlight, layout_rooms, kiku_gazebo_pond_becter,
          nicolae_overflow_hidden_temple, uniq_jessica, uniq_sigmund

Skill      XL: |  1  2  3  4 |
---------------+-------------+-----
Armour         | 3 |  3.0
Short Blades   | 2 3 |  3.3
Dodging        | 1 2 |  2.1
Fighting       | |  3.0
Shields        | |  2.6

Action                   |  1- 3 |  4- 6 || total
-------------------------+-------+-------++-------
Melee: Rapier            |   178 |    25 ||   203
  Use: Scroll            |     7 |       ||     7
       Potion            |       |     2 ||     2
Armor: Scale mail        |    34 |       ||    34
       Chain mail        |    80 |    14 ||    94
Dodge: Dodged            |    83 |     7 ||    90
Block: Buckler           |    47 |     4 ||    51

Table legend: (Time is in decaauts)
 A = Elapsed time spent in this place.
 B = Non-inter-level travel time spent in this place.
 C = Inter-level travel time spent in this place.
 D = Time resting spent in this place.
 E = Time spent auto-exploring this place.
 F = Levels seen in this place.
 G = Mean time per level.
                   A        B        C        D        E       F      G
               +--------+--------+--------+--------+--------+-----+--------+
         Total |   1582 |   1424 |    158 |     91 |    829 |   3 |  527.3 |
       Dungeon |   1582 |   1424 |    158 |     91 |    829 |   3 |  527.3 |
               +--------+--------+--------+--------+--------+-----+--------+

Top non-repeatable levels by time:
     D:1: 902 daAuts
     D:2: 660 daAuts
     D:3: 19 daAuts
